 Dungeon Crawl Stone Soup version 0.30.0-19-g36f170ea60 (webtiles) character file.

Game seed: 13068154270917574763

7100 jagang the Destroyer (level 10, -2/83 HPs)
             Began as a Green Draconian Conjurer on May 25, 2023.
             Was a Believer of Vehumet.
             Slain by Saint Roka
             ... wielding a +2 war axe of freezing
              (11 damage)
             ... on level 1 of the Orcish Mines on May 30, 2023.
             The game lasted 01:05:27 (14751 turns).

jagang the Destroyer (Green Draconian Conjurer)    Turns: 14751, Time: 01:05:27

Health: -2/83      AC: 13    Str:  9    XL:     10   Next: 84%
Magic:  9/20       EV: 13    Int: 23    God:    Vehumet [**....]
Gold:   1100       SH:  4    Dex: 10    Spells: 12/23 levels left

rFire   . . .        c - staff of earth
rCold   . . .        S - +0 buckler
rNeg    . . .        (body armour unavailable)
rPois   +            (helmet restricted)
rElec   .            (no cloak)
rCorr   .            e - +0 pair of gloves
SInv    .            C - +0 pair of boots
Will    +....        (no amulet)
Stlth   ++           y - +4 ring of protection
HPRegen 0.33/turn    P - ring of willpower
MPRegen 0.17/turn

%: no passive effects
@: short of breath
A: breathe noxious fumes, AC +7, unfitting armour, poison resistance,
cold-blooded
a: Breathe Noxious Fumes, Renounce Religion


You were on level 1 of the Orcish Mines.
You worshipped Vehumet.
Vehumet was pleased with you.
You visited 3 branches of the dungeon, and saw 12 of its levels.
You also visited: Sewer and Ossuary.

You collected 1346 gold pieces.
You spent 246 gold pieces at shops.

Inventory:

Hand Weapons
 x - a +4 long sword
 A - a +3 dagger of protection
Missiles
 a - 2 throwing nets
 d - 72 stones
Armour
 e - a +0 pair of gloves (worn)
 C - a +0 pair of boots (worn)
 M - a +2 tower shield
 S - a +0 buckler (worn)
Magical Staves
 c - a staff of earth (weapon)
 N - a staff of fire
Jewellery
 h - a ring of see invisible
 p - a ring of wizardry
 y - a +4 ring of protection (left hand)
 P - a ring of willpower (right hand)
Wands
 q - a wand of charming (9)
 T - a wand of polymorph (6)
Scrolls
 f - a scroll of magic mapping {unknown}
 j - 2 scrolls of enchant armour {unknown}
 k - 3 scrolls of teleportation
 s - 2 scrolls of immolation {unknown}
 u - 2 scrolls of fear {unknown}
 v - 5 scrolls of poison
 F - 2 scrolls of brand weapon {unknown}
 H - a scroll of fog
 I - a scroll of enchant weapon {unknown}
 J - a scroll of blinking {unknown}
 K - 2 scrolls of amnesia {unknown}
 L - a scroll of torment {unknown}
 O - a scroll of noise {unknown}
 Q - 2 scrolls of vulnerability {unknown}
 R - a scroll of silence {unknown}
Potions
 b - a potion of mutation
 i - 8 potions of degeneration
 l - a potion of flight {unknown}
 n - 6 potions of haste
 o - a potion of berserk rage {unknown}
 r - 3 potions of ambrosia {unknown}
 t - 3 potions of lignification
 w - 5 potions of resistance
 z - 2 potions of might {unknown}
 B - 3 potions of cancellation {unknown}
 D - 4 potions of brilliance {unknown}
 E - 4 potions of curing
 G - a potion of attraction {unknown}


   Skills:
 + Level 6.2 Fighting
 + Level 3.7 Staves
 + Level 6.8 Dodging
 - Level 2.0 Stealth
 + Level 4.6 Shields
 * Level 7.1 Spellcasting
 * Level 8.4 Conjurations
 * Level 4.1 Earth Magic
 - Level 3.2 Poison Magic
 + Level 3.7 Evocations


You had 12 spell levels left.
You knew the following spells:

 Your Spells              Type           Power      Damage    Failure   Level
a - Magic Dart            Conj           100%       1d8       1%          1
b - Searing Ray           Conj           92%        2d7       1%          2
c - Mephitic Cloud        Conj/Pois/Air  26%        N/A       7%          3
d - Poisonous Vapours     Pois/Air       30%        N/A       9%          2
e - Stone Arrow           Conj/Erth      100%       3d13      2%          3

Your spell library contained the following spells:

 Spells                   Type           Power      Damage    Failure   Level
 Shock                    Conj/Air       100%       1d9       1%          1
 Kiss of Death            Conj/Necr      100%       2d13      1%          1
 Sandblast                Erth           82%        2d17      1%          1
 Dazzling Flash           Conj/Hex       54%        N/A       6%          3
 Passwall                 Tmut/Erth      21%        N/A       7%          2
 Necrotise                Necr           32%        1d5       11%         1
 Cigotuvi's Dreadful Rot  Necr/Pois/Air  26%        N/A       11%         2
 Ensorcelled Hibernation  Hex/Ice        16%        N/A       17%         2
 Sublimation of Blood     Necr           8%         N/A       17%         2
 Wereblood                Tmut           8%         N/A       17%         2
 Fulminant Prism          Conj/Hex       13%        3d9       19%         4
 Iskenderun's Mystic Bla  Conj/Tloc      27%        2d7       19%         4
 Ignite Poison            Fire/Tmut/Pois 13%        N/A       22%         3
 Swiftness                Air            8%         N/A       32%         3
 Leda's Liquefaction      Hex/Erth       13%        N/A       43%         4
 Lee's Rapid Deconstruct  Erth           20%        3d12*     50%         5
 Freezing Cloud           Conj/Ice/Air   10%        6-21      67%         5
 Anguish                  Hex/Necr       4%         N/A       73%         4
 Simulacrum               Ice/Necr       4%         N/A       100%        6
 Statue Form              Tmut/Erth      17%        N/A       100%        6
 Summon Hydra             Summ           4%         N/A       100%        7
 Necromutation            Tmut/Necr      4%         N/A       100%        8


Dungeon Overview and Level Annotations

Branches:
Dungeon (9/15)             Temple (1/1) D:4            Lair (0/5) D:9
    Orc (2/2) D:9             Elf (0/3) Orc:2         Sewer (visited)
Ossuary (visited)

Altars:
Ashenzari
Cheibriados
Dithmenos
Elyvilon
Fedhas
Gozag
Kikubaaqudgha
Makhleb
Nemelex Xobeh
Okawaru
Qazlal
Ru
Sif Muna
Trog
Uskayaw
Vehumet
Wu Jian
Xom
Yredelemnul
Zin
The Shining One

Shops:
D:4 *   D:5 [?***   Orc:1 :

Annotations:
Orc:1 Saint Roka


Innate Abilities, Weirdness & Mutations

You can breathe blasts of noxious fumes.
Your lurid green scales are hard. (AC +7)
You cannot fit into any form of body armour.
Your system is resistant to poisons. (rPois)
You are cold-blooded and may be slowed by cold attacks.


Message History

Saint Roka invokes the aid of Beogh against you.
Beogh smites you!
Casting: Stone Arrow (mildly dangerous; 2% risk of failure)
Confirm with . or Enter, or press ? or * to list all spells.
Aiming: Stone Arrow (mildly dangerous; 2% risk of failure)
Press: ? - help, Shift-Dir - straight line, f/p - Saint Roka
Aim: Saint Roka, wielding a +2 war axe of freezing and wearing a +1 chain mail of poison resistance (noxious fumes, lightly wounded, 84% to hit)
You feel a surge of power!
The stone arrow hits Saint Roka!!
Saint Roka is lightly wounded.
Casting: Stone Arrow (mildly dangerous; 2% risk of failure)
Confirm with . or Enter, or press ? or * to list all spells.
Aiming: Stone Arrow (mildly dangerous; 2% risk of failure)
Press: ? - help, Shift-Dir - straight line, f/p - Saint Roka
Aim: Saint Roka, wielding a +2 war axe of freezing and wearing a +1 chain mail of poison resistance (noxious fumes, lightly wounded, 84% to hit)
You feel a surge of power!
The stone arrow hits Saint Roka.
Saint Roka is lightly wounded.
Saint Roka invokes the aid of Beogh against you.
Beogh smites you!
There is a stone staircase leading up, spattered with blood here.
Casting: Stone Arrow (mildly dangerous; 2% risk of failure)
Confirm with . or Enter, or press ? or * to list all spells.
Aiming: Stone Arrow (mildly dangerous; 2% risk of failure)
Press: ? - help, Shift-Dir - straight line, f/p - Saint Roka
Aim: Saint Roka, wielding a +2 war axe of freezing and wearing a +1 chain mail of poison resistance (lightly wounded, 84% to hit)
You feel a surge of power!
The stone arrow hits Saint Roka!
Saint Roka is lightly wounded.
The orc barely misses you. Saint Roka hits you but does no damage.
You climb upwards.
There is a stone staircase leading down, spattered with blood here.
Things that are here:
a +0 robe; a +0 dagger You closely miss the orc.
Saint Roka calls down the wrath of Beogh upon you.
Beogh smites you! The orc closely misses you.
You hit the orc but do no damage. You tail-slap the orc.
The orc is moderately wounded.
Saint Roka hits you with a +2 war axe of freezing!!
* * * LOW HITPOINT WARNING * * *
Saint Roka freezes you!
You die...

#...#.##.##
##.#......#
###.##....##
##....##...##
#.....#.....##
##...........####
##............#.##
#.....[..........#
#....@<[[)......##
#...o)o).......##
##......[....#.### ###
#....)...#..#....###.#
##...........#....#...
#......[.........##..#
#......#.....#........
##...........#.#.#...#
#........##.#........#


You could see Saint Roka and an orc (strong).

Vanquished Creatures
  3 orc knights
  A cyclops (Orc:2)
  A shadow (D:9)
  A wyvern (D:8)
  Menkaure (Ossuary)
  4 wargs
  An acid dragon (D:9)
  A water moccasin (D:5)
  A sky beast (D:6)
  14 orc warriors
  A black bear (D:6)
  5 ogres
  A centaur (D:6)
  A gnoll sergeant (D:9)
  4 bullfrogs
  2 scorpions
  9 wights
  3 howler monkeys
  A jelly (D:4)
  4 hounds
  7 orc priests
  A gnoll bouda (D:6)
  4 iguanas
  15 orc wizards
  3 mummies (Ossuary)
  11 gnolls
  10 adders
  5 river rats (Sewer)
  2 white imps (D:7)
  An ufetubus (D:4)
  2 worms
  2 dart slugs
  71 orcs
  10 ball pythons
  7 bats
  5 endoplasms
  4 giant cockroaches
  4 gnoll zombies (Ossuary)
  9 hobgoblins
  2 jackals (D:3)
  7 kobolds
  2 quokkas (D:1)
  7 frilled lizards
  3 gnoll skeletons (Ossuary)
  11 goblins
  3 goblin skeletons (Ossuary)
  4 goblin zombies (Ossuary)
  7 hobgoblin skeletons (Ossuary)
  4 hobgoblin zombies (Ossuary)
  A kobold skeleton (Ossuary)
  7 kobold zombies (Ossuary)
  7 orc skeletons (Ossuary)
  An orc zombie (Ossuary)
  12 rats
  4 rat skeletons (Ossuary)
  5 rat zombies (Ossuary)
319 creatures vanquished.

Notes
Turn   | Place    | Note
-------+----------+-------------------------------------------
     0 | D:1      | jagang the Draconian Conjurer began the quest for the Orb.
     0 | D:1      | Reached XP level 1. HP: 14/14 MP: 3/3
   242 | D:1      | Reached XP level 2. HP: 16/20 MP: 0/5
   451 | D:1      | Learned a level 2 spell: Searing Ray
   858 | D:1      | Reached XP level 3. HP: 27/27 MP: 1/6
  1498 | D:2      | Reached skill level 1 in Fighting
  1955 | D:2      | Found a faded altar of an unknown god.
  2003 | D:2      | Reached XP level 4. HP: 35/35 MP: 6/8
  2766 | D:3      | Found a broken altar of Ashenzari.
  3014 | D:4      | Noticed a scorpion
  3025 | D:4      | Killed a scorpion
  3026 | D:4      | Reached XP level 5. HP: 37/41 MP: 1/9
  3444 | D:4      | Found a staircase to the Ecumenical Temple.
  3462 | Temple   | Entered the Ecumenical Temple
  3669 | D:4      | Reached skill level 5 in Conjurations
  3890 | D:4      | Found Sumo's General Store.
  3911 | D:4      | Bought a potion of mutation for 80 gold pieces
  3911 | D:4      | Bought a potion of lignification for 30 gold pieces
  3911 | D:4      | Bought a potion of heal wounds for 50 gold pieces
  3911 | D:4      | Bought a scroll of teleportation for 30 gold pieces
  3911 | D:4      | Bought a scroll of teleportation for 30 gold pieces
  4020 | D:4      | Reached XP level 6. HP: 44/48 MP: 3/11
  4510 | D:5      | Entered Level 5 of the Dungeon
  4556 | D:5      | Found a sand-covered staircase.
  4561 | Ossuary  | Entered an ossuary
  5741 | Ossuary  | Noticed Menkaure
  5763 | Ossuary  | Killed Menkaure
  5764 | Ossuary  | Your scales start taking on a lurid green colour.
  5764 | Ossuary  | Reached XP level 7. HP: 31/56 MP: 3/13
  5764 | Ossuary  | Gained mutation: Your system is resistant to poisons.
                  | (rPois) [Green Draconian growth]
  5923 | D:5      | Found Zizunem's Assorted Antiques.
  6249 | D:5      | Found Elorof's General Store.
  6250 | D:5      | Found Utatsuir's Magic Scroll Shoppe.
  6252 | D:5      | Found Joasuvi's Antique Armour Shoppe.
  6287 | D:5      | Reached skill level 1 in Poison Magic
  6443 | D:5      | Found Ratoaraps's General Store.
  6453 | D:5      | Bought a scroll of identify for 26 gold pieces
  6459 | D:5      | Noticed a steam dragon
  6670 | D:5      | Reached skill level 6 in Conjurations
  6673 | D:5      | Got the Atlas of Psychosis
  6956 | D:6      | Reached XP level 8. HP: 59/63 MP: 3/15
  6985 | D:6      | Found a glowing drain.
  6997 | Sewer    | Entered a sewer
  7148 | Sewer    | Reached skill level 1 in Shields
  7500 | D:6      | Reached skill level 5 in Spellcasting
  7746 | D:6      | Reached skill level 5 in Dodging
  8464 | D:6      | Reached skill level 7 in Conjurations
  8703 | D:6      | Learned a level 3 spell: Mephitic Cloud
  8706 | D:6      | Learned a level 2 spell: Poisonous Vapours
  8711 | D:6      | Learned a level 3 spell: Stone Arrow
  9002 | D:7      | Found a blossoming altar of Fedhas.
  9411 | D:7      | Reached XP level 9. HP: 71/71 MP: 9/17
 10210 | D:8      | Reached skill level 1 in Earth Magic
 10504 | D:8      | Reached skill level 1 in Evocations
 10788 | D:8      | Found a shadowy altar of Dithmenos.
 11184 | D:9      | Found a radiant altar of Vehumet.
 11187 | D:9      | Found a stormy altar of Qazlal.
 11189 | D:9      | Found a sparkling altar of Nemelex Xobeh.
 11195 | D:9      | Reached skill level 1 in Staves
 11195 | D:9      | Became a worshipper of Vehumet
 11537 | D:9      | Found a staircase to the Lair.
 11796 | D:9      | Found a staircase to the Orcish Mines.
 12047 | D:9      | Reached * piety under Vehumet
 12047 | D:9      | Offered knowledge of Foxfire by Vehumet.
 12048 | D:9      | Reached skill level 5 in Fighting
 12284 | D:9      | Found a faded altar of an unknown god.
 12284 | D:9      | Found a burning altar of Makhleb.
 12294 | D:9      | Found a hide-covered altar of Uskayaw.
 12296 | D:9      | Found a basalt altar of Yredelemnul.
 12298 | D:9      | Found a faded altar of an unknown god.
 12357 | Orc:1    | Entered Level 1 of the Orcish Mines
 12746 | Orc:1    | Found Coeczaro's Book Shoppe.
 12782 | Orc:2    | Entered Level 2 of the Orcish Mines
 12957 | Orc:2    | Reached XP level 10. HP: 61/81 MP: 12/19
 13000 | D:9      | HP: 4/81 [orc/+2 war axe of electrocution[an orc knight]
                  | (15)]
 13148 | Orc:2    | Noticed an orc knight
 13301 | Orc:2    | Killed an orc knight
 13470 | Orc:2    | Noticed a cyclops
 13479 | Orc:2    | Killed a cyclops
 13480 | Orc:2    | Upgraded the game from 0.30.0-18-gc0e69614cb to
                  | 0.30.0-19-g36f170ea60
 13614 | Orc:2    | Reached skill level 8 in Conjurations
 13624 | Orc:2    | Found a staircase to the Elven Halls.
 13630 | Orc:2    | Noticed Saint Roka
 13667 | Orc:1    | Found a burning altar of Makhleb.
 13692 | Orc:1    | Noticed an orc knight
 13885 | Orc:1    | Noticed an orc knight
 13901 | Orc:1    | Reached ** piety under Vehumet
 13901 | Orc:1    | Offered knowledge of Shock by Vehumet.
 13919 | Orc:1    | HP: 1/83 [orc warrior/boomerang[an orc knight] (11)]
 13928 | Orc:1    | Killed an orc knight
 14273 | Orc:1    | Killed an orc knight
 14336 | Orc:1    | Found a radiant altar of Vehumet.
 14751 | Orc:1    | Slain by Saint Roka

Illustrated notes

Levels and vault maps discovered:
D:1:      dreamdust_arrival_sigmund_warning, layout_loops_ring
D:2:      layout_basic, shapermc_ecumenical_altar_venn
D:3:      layout_loops_ring, mainiacjoe_overflow_tiny_flanked
D:4:      layout_basic, minmay_temple_entry_mist, serial_shops, shop
D:5:      layout_loops_corners, serial_shops, nicolae_shop_rolling_square,
          nicolae_diamond_shop, enter_ossuary_2, dreamdust_princess_bridge,
          palyth_stone_intersect, nicolae_shop_distant_corner_stores,
          kennysheep_generic_room_6, uniq_duvessa
D:6:      layout_loops_corners, portal_sewer_entry_d, minmay_diced_spiral
D:7:      layout_loops_ring, kennysheep_mini_moat, serial_demonic,
          serial_demonic_g, serial_demonic_b, serial_demonic_e,
          serial_demonic_e, serial_demonic_g
D:8:      layout_layer_cave, old_standard_altar, kennysheep_generic_room_10
D:9:      layout_roguey, chequers_temple_overflow_minitemple,
          grunt_temple_overflow_open, lair_entry_dummy, hiddenorc1_lemuel
Temple:   nicolae_temple_slightly_damp_pantheon
Orc:1:    layout_caves, serial_shops, shop, basic_altar, lemuel_statue_altar
Orc:2:    st_orc_congregation, layout_caves, uniq_saint_roka, uniq_nessos

Skill      XL: |  1  2  3  4  5  6  7  8  9 10 |
---------------+-------------------------------+-----
Dodging        | 2 3 4 5 6 |  6.8
Stealth        | 2 |  2.0
Fighting       | 1 2 3 4 5 6 |  6.2
Spellcasting   | 3 4 5 6 7 |  7.1
Conjurations   | 5 6 7 8 |  8.4
Poison Magic   | 1 3 |  3.2
Shields        | 2 3 4 |  4.6
Earth Magic    | 2 4 |  4.1
Evocations     | 2 3 |  3.7
Staves         | 2 3 |  3.7

Action                     |  1- 3 |  4- 6 |  7- 9 | 10-12 || total
---------------------------+-------+-------+-------+-------++-------
  Melee: Unarmed           |    21 |       |       |       ||    21
         Staff             |    27 |       |   132 |    65 ||   224
         Tailslap          |     8 |     9 |    40 |     7 ||    64
         Punch             |     1 |       |     2 |       ||     3
         Dagger            |       |    82 |    62 |       ||   144
   Cast: Magic Dart        |    71 |   205 |   190 |    12 ||   478
         Searing Ray       |     3 |    10 |    10 |     2 ||    25
         Stone Arrow       |       |       |    89 |    75 ||   164
         Mephitic Cloud    |       |       |     1 |       ||     1
         Poisonous Vapours |       |       |     1 |       ||     1
Ability: Breathe Noxious F |       |       |    14 |    16 ||    30
  Evoke: Wand              |       |       |     1 |       ||     1
    Use: Potion            |       |     3 |     3 |     7 ||    13
         Scroll            |       |       |     6 |     3 ||     9
   Stab: Sleeping          |       |       |     2 |       ||     2
         Confused          |       |       |     1 |     1 ||     2
 Armour: Skin              |    17 |    69 |   130 |    31 ||   247
  Dodge: Dodged            |    46 |    65 |   189 |    65 ||   365
  Block: Buckler           |       |       |    15 |    23 ||    38
